 Dungeon Crawl Stone Soup version 0.19.0-2-gae57169 (webtiles) character file.

247028 Ijustatesigmund the Severer (level 19, 0/181 HPs)
             Began as a Minotaur Fighter on Nov 3, 2016.
             Was the Champion of Okawaru.
             Killed from afar by a deep elf death mage (32 damage)
             ... with a bolt of negative energy
             ... on level 3 of the Elven Halls on Nov 4, 2016.
             The game lasted 01:52:16 (29384 turns).

Ijustatesigmund the Severer (Minotaur Fighter)     Turns: 29384, Time: 01:52:17

Health: 0/181      AC: 52    Str: 23    XL:     19   Next: 54%
Magic:  31/34      EV: 20    Int:  5    God:    Okawaru [******]
Gold:   2535       SH:  0    Dex: 16    Spells: 0 memorised, 18 levels left

rFire  . . .     SeeInvis +     y - +5 executioner's axe (vamp)
rCold  . . .     Gourm    .     X - +14 crystal plate armour of Vlad {MP+9}
rNeg   . . .     Faith    .     (shield currently unavailable)
rPois  .         Spirit   .     (helmet unavailable)
rElec  +         Reflect  .     N - +2 cloak
rCorr  .         Harm     .     M - +3 pair of gauntlets of War {Slay+5}
MR     +++..                    O - +0 pair of boots "Joquqor" {rElec MR++}
Stlth  ..........               Y - amulet of regeneration
                                U - +3 ring of evasion
                                P - ring of see invisible

@: heroism, finesse, very slightly contaminated, hasted, heavily drained, very
quick
A: retaliatory headbutt, horns 3
a: Heroism, Finesse, Renounce Religion


You were on level 3 of the Elven Halls.
You worshipped Okawaru.
Okawaru was exalted by your worship.
You were not hungry.

You visited 6 branches of the dungeon, and saw 29 of its levels.
You also visited: Ice Cave and Desolation.

You collected 3555 gold pieces.
You spent 1020 gold pieces at shops.

Inventory:

Hand Weapons
 y - a +5 vampiric executioner's axe (weapon)
Missiles
 u - 5 throwing nets (quivered)
 G - 22 javelins
Armour
 l - +2 fire dragon scales
 A - a +2 hat of magic resistance
 M - the +3 pair of gauntlets of War (worn) {Slay+5}
   (You bought it in a shop on level 2 of the Orcish Mines)

   It affects your accuracy and damage with ranged weapons and melee attacks
   (+5).
 N - a +2 cloak (worn)
 O - the +0 pair of boots "Joquqor" (worn) {rElec MR++}
   (Okawaru gifted it to you on level 13 of the Dungeon)

   It insulates you from electricity.
   It affects your resistance to hostile enchantments.
 X - the +14 crystal plate armour of Vlad (worn) {MP+9}
   (You acquired it on level 5 of the Lair of Beasts)

   It affects your magic capacity (+9).
Jewellery
 n - an uncursed ring of flight {unknown}
 B - an uncursed ring of resist corrosion
 I - the amulet "Seppin" {Reflect Dex+4 SH+6}
   (You found it in the Desolation of Salt)

   [amulet of reflection]

   It shields you and reflects attacks.
   It affects your dexterity (+4).
   It affects your SH (+6).
 L - the ring of the Traitor {Ice Str+3, unknown}
   (You took it off a deep elf master archer on level 3 of the Elven Halls)

   [ring of ice]

   It enhances your ice magic.
   It affects your strength (+3).
   It makes you vulnerable to fire.
   It protects you from cold.
 P - a ring of see invisible (left hand)
 R - an uncursed ring of protection from magic {unknown}
 U - a +3 ring of evasion (right hand)
 V - an uncursed ring of positive energy {unknown}
 Y - an amulet of regeneration (around neck)
Wands
 a - a wand of lightning (7/15)
 h - a wand of digging (17/24)
 k - a wand of acid (0/15)
 o - a wand of paralysis (6/24)
 K - a wand of hasting (7/9)
 S - a wand of disintegration (5/24)
 T - a wand of iceblast (1/15)
Scrolls
 e - 13 scrolls of teleportation
 t - 3 scrolls of immolation
 w - 9 scrolls of remove curse
 C - a scroll of vulnerability
 D - a scroll of blinking
 F - a scroll of recharging
 J - 2 scrolls of fear
 Z - a scroll of identify
Potions
 b - a potion of haste
 c - a potion of might
 d - 6 potions of flight
 g - 2 potions of agility
 i - a potion of cancellation
 m - 3 potions of resistance
 p - 2 potions of magic
 q - 8 potions of brilliance
 s - 11 potions of curing
 v - a potion of berserk rage
 z - a potion of invisibility {unknown}
 E - 4 potions of mutation
 Q - a potion of ambrosia
Books
 r - a book of Unlife

   Spells                             Type                      Level
   a - Recall                         Summoning/Translocation      3
   b - Animate Dead                   Necromancy                   4
   c - Control Undead                 Necromancy                   4
   d - Cigotuvi's Embrace             Necromancy                   5
   e - Death Channel                  Necromancy                   6
   f - Simulacrum                     Ice/Necromancy               6
 x - a book of Geomancy

   Spells                             Type                      Level
   a - Sandblast                      Earth                        1
   b - Passwall                       Transmutation/Earth          2
   c - Stone Arrow                    Conjuration/Earth            3
   d - Petrify                        Transmutation/Earth          4
   e - Lee's Rapid Deconstruction     Earth                        5
 H - a book of Transfigurations

   Spells                             Type                      Level
   a - Irradiate                      Conjuration/Transmutation    5
   b - Statue Form                    Transmutation/Earth          6
   c - Hydra Form                     Transmutation                6
   d - Dragon Form                    Transmutation                7
Comestibles
 f - 16 bread rations
 j - 11 meat rations
 W - 9 royal jellies


   Skills:
 + Level 18.9(21.7) Fighting
 + Level 20.4(23.1) Axes
 + Level 19.1(21.8) Armour
 - Level 18.2(21.0) Dodging
   Level 3.6(7.0) Shields
 - Level 10.3(8.7) Invocations
 - Level 4.7(3.3) Evocations


You had 18 spell levels left.
You didn't know any spells.

Dungeon Overview and Level Annotations

Branches:
Dungeon (15/15)            Temple (1/1) D:6            Lair (6/6) D:11
 Shoals (0/4) Lair:2       Spider (0/4) Lair:4        Slime (0/5) Lair:5
    Orc (2/2) D:11            Elf (3/3) Orc:2        Vaults (0/5) D:13
 Depths (2/5) D:15

Altars:
Ashenzari
Cheibriados
Dithmenos
Elyvilon
Fedhas
Gozag
Hepliaklqana
Kikubaaqudgha
Makhleb
Nemelex Xobeh
Okawaru
Qazlal
Ru
Sif Muna
Trog
Uskayaw
Vehumet
Xom
Yredelemnul
Zin
The Shining One

Shops:
D:9 ([   D:11 ((   Orc:2 =([[   Elf:1 (

Portals:
Hell: Depths:1 Depths:2

Annotations:
Lair:2 exclusion: oklob plant


Innate Abilities, Weirdness & Mutations

You reflexively headbutt those who attack you in melee.
You have a pair of large horns on your head.


Message History

The deep elf death mage seems less brilliant.
The deep elf death mage is empowered by something's aura!
The deep elf sorcerer is empowered by something's aura!
You close the door.
Evoke which item? (* to show all) (? for menu, Esc to quit)
Zapping:
K - a wand of hasting (8/9)
Press: ? - help, Shift-Dir - straight line, f - you You feel yourself speed up.
This wand has 7 charges left.
Something unseen opens the door.
As you read the scroll of fear, it crumbles to dust.
You assume a fearsome visage.
The deep elf sorcerer looks frightened!
The deep elf sorcerer seems less brilliant.
The deep elf sorcerer gestures at you while chanting.
You resist with almost no effort.
The deep elf sorcerer is empowered by something's aura!
The deep elf sorcerer gestures at you while chanting.
You resist with almost no effort.
The deep elf death mage points at you and mumbles some strange words.
The bolt of negative energy hits you!
You feel drained.
You die...

...}.[..##.#*,,,,,,,,,*####'##
=...)...##.#*,,,.|).,,*#.....##
)....[.)##.#*,,,,(.),,*#......#
).....).##)#*,,,,,(.,,*#......#
##########)#******#e####......#
.).#######)###### #241##.....(#
#####...≈≈)≈≈...# #e*e##.....##
#####...≈≈)≈≈...###e..##...)##
........≈≈)≈≈...@.#*#e##.....##
..###...≈≈.≈≈...#.# #e##......#
.##.######.######.###.##......#
##..)..............##.##...}..#
#...)...............#.##......#
'.........⌠.........e.##......#
#...................#.##......#
##.................##e##......#
####.............####.##......#


You could see a deep elf death mage and a deep elf sorcerer (fleeing).

Vanquished Creatures
  Nikola (Elf:2)
  Rupert (Lair:6)
  2 deep elf blademasters (Elf:3)
  A deep elf master archer (Elf:3)
  Frances (Elf:1)
  Gastronok (D:11)
  A sphinx (D:14)
  Kirke (Lair:4)
  Agnes (D:15)
  2 imperial myrmidons (Desolation)
  3 deep elf sorcerers (Elf:3)
  4 frost giants
  2 deep elf elementalists
  Louise (Elf:2)
  2 spriggan defenders (Depths:1)
  A caustic shrike skeleton (Depths:1)
  7 very ugly things
  11 stone giants
  8 deep elf demonologists
  2 halazid warlocks (Desolation)
  3 deep elf annihilators (Elf:3)
  Azrael (D:13)
  2 spark wasps (Depths:1)
  2 crystal guardians (Desolation)
  A fire dragon (shapeshifter) (Elf:2)
  4 deep elf death magi
  3 ogre magi
  5 fire dragons
  2 ettins
  8 ragged hierophants (Desolation)
  8 vault guards (D:14)
  A rakshasa (Depths:1)
  A deep elf high priest (Elf:3)
  A great orb of eyes (Depths:1)
  3 ice dragons
  8 hydras
  8 peacekeepers
  Harold (D:11)
  5 servants of whispers (Desolation)
  4 catoblepae (Lair:6)
  7 centaur warriors
  The ghost of dxctxrx the Archer, a novice MiFi of Okawaru (D:8)
  Erica (Lair:2)
  23 dancing weapons
  4 deep troll shamans (Depths:1)
  4 tengu warriors
  An orc high priest (Orc:2)
  7 deep troll earth magi
  10 death yaks (Lair:6)
  Urug (Lair:2)
  3 spriggan berserkers
  A storm dragon zombie (D:15)
  Nergalle (Lair:3)
  16 deep elf knights
  A skeletal warrior (D:15)
  A spriggan druid (Depths:1)
  A golden dragon zombie (D:15)
  10 deep trolls (Depths:1)
  An unseen horror (D:11)
  10 deep elf archers (Elf:1)
  An unseen horror (shapeshifter) (Elf:2)
  2 flayed ghosts
  A tengu zombie (Depths:1)
  4 wizards
  A phantasmal warrior (D:15)
  3 hill giants
  3 necromancers
  3 ironbrand convokers (Desolation)
  4 orc knights
  27 ugly things
  56 deep elf magi
  2 frost giant zombies
  A mana viper (shapeshifter) (Depths:1)
  5 orc sorcerers
  4 sirens (Lair:2)
  A torpor snail (Lair:5)
  5 cyclopes
  An ice statue (IceCv)
  A titan simulacrum (Depths:1)
  7 black mambas
  3 guardian serpents (Desolation)
  4 elephants
  Psyche (D:8)
  3 gargoyles
  A molten gargoyle (Desolation)
  A spriggan zombie (D:15)
  6 centaur skeletons
  8 spiny frogs
  13 komodo dragons
  A kobold demonologist (D:13)
  A rime drake (Lair:5)
  A freezing wraith (D:13)
  6 yaktaurs
  A guardian mummy (D:15)
  2 yaktaur skeletons (Depths:1)
  9 meliai
  4 tengu conjurers
  A meliai (shapeshifter) (Depths:1)
  8 two-headed ogres
  10 trolls
  A queen bee (Lair:4)
  4 hornets
  15 polar bears (IceCv)
  Grinder (D:6)
  49 saltlings (Desolation)
  Prince Ribbit (Lair:2)
  A sphinx simulacrum (Depths:1)
  6 blink frogs
  A hippogriff (shapeshifter) (Depths:2)
  4 dream sheep (Lair:5)
  16 slime creatures
  A spriggan skeleton (Depths:1)
  11 hippogriffs
  A shadow (D:13)
  A redback (Lair:4)
  51 yaks
  3 water elementals
  Sigmund (D:3)
  A tarantella (shapeshifter) (Depths:1)
  3 wyverns
  24 spriggans
  7 fire elementals
  5 hogs (Lair:4)
  2 basilisks (Lair:3)
  6 wraiths
  4 fire bats
  A human (D:10)
  3 vampire mosquitoes (D:13)
  4 hungry ghosts
  A naga (shapeshifter) (Depths:2)
  3 wargs
  A mottled dragon (D:15)
  7 swamp worms (Lair:2)
  16 water moccasins
  4 porcupines
  4 hell hounds (D:13)
  19 orc warriors
  Duvessa (D:5)
  4 sky beasts
  2 ice beasts
  5 phantoms
  3 hornet zombies
  11 centaurs
  24 ogres
  2 eyes of draining
  12 wolves
  11 crocodiles
  17 bullfrogs
  A gnoll sergeant (D:8)
  4 earth elementals
  Dowan (D:5)
  A human simulacrum (Depths:1)
  5 scorpions
  21 killer bees (Lair:4)
  5 wights (D:10)
  5 howler monkeys
  3 electric eels
  A vampire bat (Orc:2)
  6 crimson imps
  3 lava snakes (D:9)
  2 centaur zombies
  9 hounds
  3 quasits
  6 bullfrog zombies
  4 jellies
  4 bullfrog skeletons
  30 orc priests
  A gnoll shaman (Orc:1)
  5 iguanas
  36 orc wizards
  10 worker ants
  8 hell rats
  A hound skeleton (D:5)
  A mummy (D:5)
  Robin (D:2)
  A howler monkey zombie (D:7)
  8 gnolls
  6 adders
  3 river rats (Lair:4)
  5 shadow imps
  12 white imps (D:12)
  3 adder skeletons
  12 worms
  A dart slug (D:5)
  4 leopard geckos
  70 orcs
  21 bats
  13 giant cockroaches
  14 goblins
  8 hobgoblins
  15 jackals
  2 kobolds
  7 quokkas
  A frilled lizard (D:2)
  A giant cockroach zombie (D:5)
  2 gnoll zombies (D:5)
  2 kobold zombies (D:5)
  A leopard gecko zombie (D:7)
  2 orc zombies (D:5)
  12 rats
  5 fungi
  8 plants
1235 creatures vanquished.

Vanquished Creatures (others)
  A deep elf archer (Elf:2)
  2 deep elf magi
  An ugly thing (Depths:1)
  A bush (D:6)
  155 plants
  A withered plant (D:15)
161 creatures vanquished.

Grand Total: 1396 creatures vanquished

Notes
Turn   | Place    | Note
-------+----------+-------------------------------------------
     0 | D:1      | Ijustatesigmund the Minotaur Fighter began the quest for the Orb.
     0 | D:1      | Reached XP level 1. HP: 19/19 MP: 0/0
   164 | D:1      | Reached XP level 2. HP: 27/27 MP: 1/1
   480 | D:2      | Reached skill level 3 in Axes
   540 | D:2      | Reached XP level 3. HP: 33/33 MP: 2/2
   602 | D:2      | Found a faded altar of an unknown god.
   603 | D:2      | Noticed Robin
   610 | D:2      | Killed Robin
   637 | D:2      | Reached XP level 4. HP: 35/41 MP: 3/3
   897 | D:2      | Found a shadowy altar of Dithmenos.
  1347 | D:3      | Noticed Sigmund
  1396 | D:4      | Reached skill level 4 in Axes
  1409 | D:4      | Reached skill level 5 in Fighting
  1409 | D:4      | Reached XP level 5. HP: 48/48 MP: 4/4
  1437 | D:4      | Reached skill level 5 in Armour
  1470 | D:4      | Reached XP level 6. HP: 39/56 MP: 5/5
  1596 | D:4      | Reached skill level 5 in Axes
  1948 | D:5      | Entered Level 5 of the Dungeon
  2070 | D:5      | Found a bloodstained altar of Trog.
  2083 | D:5      | Reached XP level 7. HP: 63/63 MP: 6/6
  2239 | D:5      | Reached skill level 6 in Axes
  2317 | D:5      | Found a basalt altar of Yredelemnul.
  2374 | D:5      | Noticed Duvessa
  2374 | D:5      | Noticed Dowan
  2389 | D:5      | Killed Duvessa
  2391 | D:5      | Killed Dowan
  2396 | D:5      | Reached XP level 8. HP: 58/73 MP: 7/7
  2456 | D:5      | Reached skill level 7 in Axes
  3120 | D:3      | Found a hazy altar of Hepliaklqana.
  3134 | D:3      | Killed Sigmund
  3642 | D:6      | Noticed Grinder
  3676 | D:6      | Found a blossoming altar of Fedhas.
  3691 | D:6      | Found a staircase to the Ecumenical Temple.
  3849 | D:6      | Reached skill level 8 in Axes
  3849 | D:6      | Reached skill level 1 in Dodging
  3970 | D:6      | Paralysed by Grinder for 6 turns
  3981 | D:6      | Paralysed by Grinder for 7 turns
  3991 | D:6      | Killed Grinder
  4152 | D:6      | Reached XP level 9. HP: 83/83 MP: 8/8
  4159 | Temple   | Entered the Ecumenical Temple
  4218 | Temple   | Became a worshipper of Warmaster Okawaru
  4543 | D:7      | Identified a scroll of acquirement
  4692 | D:7      | Reached skill level 9 in Axes
  4943 | D:8      | Reached * piety under Okawaru
  4950 | D:8      | Noticed dxctxrx's ghost (novice MiFi)
  5242 | D:8      | Reached skill level 10 in Fighting
  5293 | D:8      | Reached skill level 5 in Dodging
  5297 | D:8      | Found a radiant altar of Vehumet.
  5450 | D:8      | Killed dxctxrx's ghost
  5450 | D:8      | Reached ** piety under Okawaru
  5450 | D:8      | Reached skill level 10 in Axes
  5450 | D:8      | Reached XP level 10. HP: 56/94 MP: 0/9
  5663 | D:9      | Noticed Psyche
  5672 | D:8      | Killed Psyche
  5818 | D:9      | Noticed a five-headed hydra
  5962 | D:10     | Entered Level 10 of the Dungeon
  5979 | D:10     | Reached *** piety under Okawaru
  6042 | D:10     | Reached skill level 11 in Axes
  6083 | D:10     | Noticed a hill giant
  6091 | D:10     | Killed a hill giant
  6091 | D:10     | Reached **** piety under Okawaru
  6282 | D:10     | Reached ***** piety under Okawaru
  6478 | D:10     | Reached XP level 11. HP: 101/104 MP: 10/10
  6514 | D:10     | Found a bloodstained altar of Trog.
  6530 | D:10     | Reached skill level 1 in Invocations
  6536 | D:10     | Found an opulent altar of Gozag.
  6550 | D:10     | Found a runed door.
  6554 | D:10     | Found a blossoming altar of Fedhas.
  6559 | D:10     | Noticed a flayed ghost
  6567 | D:10     | Killed a flayed ghost
  6629 | D:10     | Reached skill level 12 in Axes
  6897 | D:10     | Found a shadowy altar of Dithmenos.
  6917 | D:10     | Found a snail-covered altar of Cheibriados.
  6934 | D:10     | Found a shimmering altar of Xom.
  7188 | D:11     | Got an ichor-stained hand axe
  7365 | D:11     | Found a staircase to the Lair.
  7371 | D:11     | Found Ruroig's Antique Weapon Shop.
  7387 | D:11     | Noticed a deep elf mage
  7390 | D:11     | Noticed a deep elf mage
  7399 | D:11     | Killed a deep elf mage
  7409 | D:11     | Killed a deep elf mage
  7409 | D:11     | Reached skill level 10 in Armour
  7452 | D:11     | Noticed a wizard
  7458 | D:11     | Noticed a deep elf mage
  7458 | D:11     | Noticed a deep elf mage
  7462 | D:11     | Killed a wizard
  7466 | D:11     | Killed a deep elf mage
  7474 | D:11     | Noticed a wizard
  7490 | D:11     | HP: 3/105 [something/stone arrow (33)]
  7494 | D:11     | Killed a deep elf mage
  7497 | D:11     | Killed a wizard
  8111 | D:11     | Found a staircase to the Orcish Mines.
  8154 | D:11     | Reached ****** piety under Okawaru
  8154 | D:11     | Received a gift from Okawaru
  8163 | D:11     | Got a scorched ring mail {god gift}
  8169 | D:11     | Killed an unseen horror
  8169 | D:11     | Reached skill level 5 in Invocations
  8217 | D:11     | Found Zuarres's Weapon Shop.
  8385 | D:11     | Identified the Incunabulum of Mutagenic Conjuration
  8401 | D:11     | Identified the +0 ring mail "Xixulluc" {*Corrode rC+ Regen+ Str+2} (Okawaru gifted it to you on level 11 of the Dungeon)
  8454 | D:12     | Found a frozen archway.
  8606 | IceCv    | Entered an ice cave
  8612 | IceCv    | Reached XP level 12. HP: 104/115 MP: 15/15
  9518 | IceCv    | Noticed a frost giant
  9526 | IceCv    | Reached skill level 13 in Axes
  9537 | IceCv    | Killed a frost giant
 10051 | D:12     | Received a gift from Okawaru
 10065 | D:12     | Reached skill level 14 in Axes
 10676 | D:13     | Noticed Azrael
 10695 | D:13     | Killed Azrael
 10695 | D:13     | Reached XP level 13. HP: 82/125 MP: 16/18
 11158 | D:13     | Received a gift from Okawaru
 11161 | D:13     | Got a pair of brightly glowing boots {god gift}
 11167 | D:13     | Identified the +0 pair of boots "Joquqor" {rElec MR++} (Okawaru gifted it to you on level 13 of the Dungeon)
 11468 | D:13     | Reached skill level 15 in Fighting
 11585 | D:13     | Found a gate to the Vaults.
 11589 | D:13     | Reached skill level 15 in Axes
 11981 | Orc:1    | Entered Level 1 of the Orcish Mines
 11981 | Orc:1    | Noticed Gastronok
 11992 | Orc:1    | Noticed Harold
 12011 | D:11     | Killed Gastronok
 12014 | D:11     | Killed Harold
 12103 | Orc:1    | Noticed an ettin
 12104 | Orc:1    | Noticed a stone giant
 12108 | Orc:1    | Killed an ettin
 12440 | Orc:1    | Killed a stone giant
 12784 | D:9      | Found Extorr's Antique Weapon Shoppe.
 13013 | D:9      | Found Sucw's Armour Shop.
 13442 | Lair:1   | Entered Level 1 of the Lair of Beasts
 13578 | Lair:1   | Reached skill level 16 in Axes
 13631 | Lair:1   | Received a gift from Okawaru
 14148 | Lair:2   | Noticed Erica
 14152 | Lair:2   | Killed Erica
 14347 | Lair:2   | Reached skill level 10 in Dodging
 14366 | Lair:2   | Noticed Urug
 14381 | Lair:2   | Killed Urug
 14409 | Lair:2   | Found a staircase to the Shoals.
 14425 | Lair:2   | Reached XP level 14. HP: 121/135 MP: 19/19
 14759 | Lair:2   | Noticed Prince Ribbit
 14798 | Lair:2   | Killed Prince Ribbit
 15447 | Lair:3   | Noticed Nergalle
 15460 | Lair:3   | Killed Nergalle
 15723 | Lair:3   | Received a gift from Okawaru
 15729 | Lair:3   | Got a steaming war axe {god gift}
 15736 | Lair:3   | Identified the +4 war axe of Honesty {freeze, *Drain rPois Str-3 Int+8} (Okawaru gifted it to you on level 3 of the Lair of Beasts)
 15738 | Lair:3   | Identified the +1 hand axe of the Realm of Zot {chop, +Fly SInv} (You found it on level 11 of the Dungeon)
 15956 | Lair:3   | Reached skill level 17 in Axes
 16785 | Lair:4   | Reached skill level 1 in Evocations
 16990 | Lair:4   | Noticed Kirke
 17001 | Lair:4   | Killed Kirke
 17001 | Lair:4   | Received a gift from Okawaru
 17206 | Lair:4   | Found a hole to the Spider Nest.
 17548 | Lair:5   | Found a staircase to the Slime Pits.
 17551 | Lair:5   | Reached skill level 10 in Invocations
 17852 | Lair:5   | Got a jewelled crystal plate armour
 17863 | Lair:5   | Identified the +14 crystal plate armour of Vlad {MP+9} (You acquired it on level 5 of the Lair of Beasts)
 18396 | Lair:6   | Entered Level 6 of the Lair of Beasts
 18568 | Lair:6   | Received a gift from Okawaru
 18568 | Lair:6   | Reached XP level 15. HP: 131/141 MP: 21/21
 18875 | Lair:6   | Noticed Rupert
 18897 | Lair:6   | Killed Rupert
 19118 | Lair:6   | Reached skill level 15 in Armour
 19543 | Lair:6   | Got a pair of translucent gloves {god gift}
 19549 | Lair:6   | Identified the +1 pair of gloves of the Louse {Str+2 Int+3 Stlth-} (Okawaru gifted it to you on level 6 of the Lair of Beasts)
 19806 | Orc:2    | Entered Level 2 of the Orcish Mines
 20090 | Orc:2    | Found a staircase to the Elven Halls.
 20331 | Orc:2    | Found Legy's Jewellery Emporium.
 20331 | Orc:2    | Found Jihum's Armour Shoppe.
 20334 | Orc:2    | Found Ziusi's Antique Armour Shoppe.
 20337 | Orc:2    | Found Miopet's Weapon Emporium.
 20371 | Orc:2    | Bought the +3 pair of gauntlets of War {Slay+5} for 570 gold pieces
 20377 | Orc:2    | Bought an uncursed amulet of regeneration for 450 gold pieces
 20965 | D:14     | Received a gift from Okawaru
 20982 | D:14     | Noticed a sphinx
 20998 | D:14     | Noticed a frost giant
 21006 | D:14     | Received a gift from Okawaru
 21009 | D:14     | Killed a sphinx
 21016 | D:14     | Killed a frost giant
 21340 | D:14     | Found a glowing silver altar of Zin.
 21342 | D:14     | Received a gift from Okawaru
 21450 | D:14     | Reached skill level 18 in Axes
 21776 | D:14     | Reached XP level 16. HP: 139/151 MP: 22/22
 21786 | D:15     | Entered Level 15 of the Dungeon
 21786 | D:15     | Noticed Agnes
 21794 | D:15     | Killed Agnes
 21888 | D:15     | Found a staircase to the Depths.
 22176 | D:15     | Received a gift from Okawaru
 22515 | Depths:1 | Entered Level 1 of the Depths
 22549 | Depths:1 | Received a gift from Okawaru
 22589 | Depths:1 | Got a transparent troll leather armour {god gift}
 22646 | Depths:1 | Gained mutation: You have a pair of large horns on your head. [potion of beneficial mutation]
 22741 | Depths:1 | Reached skill level 19 in Axes
 22896 | Depths:1 | Reached XP level 17. HP: 162/162 MP: 23/23
 22953 | Depths:1 | Received a gift from Okawaru
 23235 | Depths:1 | Found a gateway to Hell.
 23486 | Depths:1 | Identified the +4 troll leather armour of Plog {rC+++ Regen+ rCorr Int-3 Stlth+} (Okawaru gifted it to you on level 1 of the Depths)
 23675 | Depths:2 | Received a gift from Okawaru
 24432 | Elf:1    | Entered Level 1 of the Elven Halls
 24512 | Elf:1    | Found a ruined gateway.
 24515 | Elf:1    | Reached skill level 15 in Dodging
 24528 | Desolati | Entered the Desolation of Salt
 24571 | Desolati | Reached XP level 18. HP: 170/171 MP: 24/24
 24651 | Desolati | Identified Further Progress in Witchcraft
 24655 | Desolati | Identified the Grimoire of Destructive Darkness
 24733 | Desolati | Got a polished chain mail
 24734 | Desolati | Identified the Handbook of Objectivity
 24746 | Desolati | Identified the +6 chain mail of Untold Secrets {rElec rCorr Slay-3 SInv} (You found it in the Desolation of Salt)
 24973 | Desolati | Received a gift from Okawaru
 25276 | Desolati | Identified Sif Muna's Incunabulum of Malediction
 25292 | Desolati | Got a shimmering graven amulet
 25295 | Desolati | Got a scorched plate armour
 25344 | Desolati | Identified the +2 plate armour "Rysen" {rElec rPois Str+3 Int+3} (You found it in the Desolation of Salt)
 25351 | Desolati | Identified the amulet "Seppin" {Reflect Dex+4 SH+6} (You found it in the Desolation of Salt)
 25533 | Elf:1    | Noticed Frances
 25541 | Elf:1    | Killed Frances
 25628 | Elf:1    | Found Miclef's Antique Weapon Shoppe.
 25974 | Elf:1    | Received a gift from Okawaru
 25977 | Elf:1    | Got a dazzling buckler {god gift}
 25984 | Elf:1    | Identified the +2 buckler of Subjectivity {Str+4} (Okawaru gifted it to you on level 1 of the Elven Halls)
 26020 | Elf:1    | Noticed an Ice Fiend
 26888 | Elf:2    | Noticed Louise
 26899 | Elf:2    | Killed Louise
 27048 | Elf:2    | Found a runed gate.
 27048 | Elf:2    | Found a runed gate.
 27053 | Elf:2    | Found a runed gate.
 27258 | Elf:2    | Reached XP level 19. HP: 179/179 MP: 25/25
 27472 | Elf:2    | Noticed Nikola
 27490 | Elf:2    | Reached skill level 20 in Axes
 27499 | Elf:2    | Killed Nikola
 27830 | Elf:2    | Received a gift from Okawaru
 27849 | Elf:3    | Entered Level 3 of the Elven Halls
 28613 | Elf:3    | Noticed a Brimstone Fiend
 29085 | Elf:3    | Noticed a Brimstone Fiend
 29089 | Elf:3    | Noticed a Tzitzimitl
 29267 | Elf:3    | Noticed a Brimstone Fiend
 29303 | Elf:3    | Got a coiled silver ring
 29366 | Elf:3    | Noticed a Brimstone Fiend
 29384 | Elf:3    | Killed from afar by a deep elf death mage

Skill      XL: |  1  2  3  4  5  6  7  8  9 10 11 12 13 14 15 16 17 18 19 |
---------------+----------------------------------------------------------+-----
Fighting       | 4 5 6 7 9 10 12 13 14 15 16 17 18 | 18.9
Axes           | 3 4 5 6 8 10 11 12 14 16 17 18 19 20 | 20.4
Armour         | 4 5 6 7 8 9 10 13 16 17 18 19 | 19.1
Dodging        | 2 5 7 10 15 18 | 18.2
Invocations    | 6 9 10 | 10.3
Evocations     | 4 |  4.7
Shields        | |  3.6

Action                   |  1- 3 |  4- 6 |  7- 9 | 10-12 | 13-15 | 16-18 | 19-21 || total
-------------------------+-------+-------+-------+-------+-------+-------+-------++-------
Melee: War axe           |    77 |   102 |   200 |       |       |       |       ||   379
       Headbutt          |    16 |    19 |    58 |    99 |   215 |   234 |    50 ||   691
       Executioner's axe |       |       |    91 |   504 |   999 |   936 |   187 ||  2717
Throw: Throwing net      |       |       |       |       |       |       |     1 ||     1
Invok: Heroism           |       |       |       |     6 |    15 |     8 |     4 ||    33
       Finesse           |       |       |       |     1 |     8 |     2 |     2 ||    13
Evoke: Wand              |       |       |       |     2 |     3 |       |     5 ||    10
  Use: Scroll            |     5 |     6 |     9 |     6 |    13 |     9 |     7 ||    55
       Potion            |       |       |     2 |     7 |     2 |     1 |     4 ||    16
 Stab: Confused          |       |       |       |       |       |     1 |       ||     1
  Eat: Pizza             |       |     1 |     1 |     3 |     7 |     4 |       ||    16
       Chunk             |       |     1 |     5 |    12 |    13 |     4 |     2 ||    37
       Beef jerky        |       |     1 |       |     1 |     4 |     4 |       ||    10
       Bread ration      |       |       |     2 |       |     2 |       |       ||     4
       Fruit             |       |       |       |     4 |     6 |     8 |       ||    18
       Meat ration       |       |       |       |     1 |       |       |       ||     1
       Royal jelly       |       |       |       |       |       |       |     3 ||     3
Armor: Plate armour      |    56 |    54 |   209 |   481 |   398 |       |       ||  1198
       Scale mail        |     4 |       |       |       |       |       |       ||     4
       Crystal plate arm |       |       |       |       |   440 |   790 |   146 ||  1376
Dodge: Dodged            |    12 |    12 |    95 |   396 |   785 |   675 |   116 ||  2091
Block: Shield            |    47 |    68 |   107 |       |       |       |       ||   222
       Other             |       |       |       |       |       |    31 |    27 ||    58
       Reflection        |       |       |       |       |       |    14 |       ||    14
